Map: New Repugnancy LE

Players

eonblu

  • Race: Zerg Zerg
  • League: Grandmaster
  • Spawn Location: 7:00

TYTY (TY) - Winner!

  • Race: Terran Terran
  • League: Diamond
  • Spawn Location: 1:00

Event: HomeStory Cup XIX

VOD

Have the link to the VOD?

Description

Time

  • Played on: June 28, 2019, 10:46 a.m.
  • Length: 8:41

All games in this series

Show
View Real Time Build Order
Export as new Build Order

eonblu Zerg 

Build Orders: Pool First 

Get SALT Encoding   

  12  0:02  Drone  
  13  0:13  Overlord  
  13  0:18  Drone  
  14  0:32  Drone x2  
  16  0:41  Spawning Pool  
  15  0:44  Drone  
  15  0:47  Drone  
  17  1:09  Hatchery  
  16  1:13  Drone  
  16  1:16  Extractor  
  16  1:19  Drone  
  17  1:28  Zergling x2  
  17  1:29  Zergling x2  
  19  1:34  Queen  
  21  1:40  Overlord  
  21  1:50  Drone  
  22  2:02  Drone  
  22  2:11  Queen  
  22  2:14  Zergling x2  
  25  2:24  Queen  
  27  2:31  Spine Crawler  
  25  2:41  Metabolic Boost  
  25  2:47  Zergling x6  
  27  2:52  Zergling x4  
  27  2:53  Zergling x2, Queen  
  27  2:58  Zergling x2  
  30  3:15  Zergling x6  
  33  3:23  Zergling x4  
  35  3:34  Overlord  
  35  3:43  Overlord  
  35  3:50  Overlord  
  35  3:51  Queen x2  
  39  3:56  Drone x2  
  39  3:59  Drone  
  42  4:05  Drone x2  
  42  4:08  Drone  
  41  4:19  Zergling x8  
  45  4:34  Zergling x4  
  45  4:35  Zergling x4  
  47  4:43  Zergling x2  
  42  4:46  Zergling x2, Queen  
  39  4:56  Zergling x2  
  39  4:57  Zergling x2, Queen  
  43  5:07  Overlord  
  43  5:08  Drone x3  
  43  5:10  Drone  
  47  5:18  Drone  
  47  5:23  Drone  
  47  5:29  Drone  
  47  5:30  Drone  
  47  5:34  Drone x3  
  49  5:40  Drone  
  50  5:46  Drone  
  51  5:56  Overlord  
  51  5:57  Zergling x4  
  51  5:59  Hatchery  
  52  6:07  Overlord  
  52  6:14  Zergling x12  
  58  6:30  Drone x3  
  58  6:31  Drone  
  58  6:32  Drone  
  60  6:33  Lair  
  60  6:35  Extractor  
  60  6:36  Drone x2, Extractor  
  60  6:38  Drone  
  60  6:39  Drone x2  
  63  6:54  Drone x2  
  55  7:06  Baneling Nest  
  55  7:07  Evolution Chamber  
  55  7:08  Drone x4, Evolution Chamber  
  48  7:10  Drone x2  
  48  7:12  Drone  
  48  7:15  Drone x3  
  57  7:22  Drone  
  58  7:25  Zergling x4  
  60  7:33  Zergling x10  
  65  7:40  Drone  
  66  7:47  Zergling x8  
  70  7:53  Overlord x2  
  70  7:55  Drone  
  71  7:59  Drone  
  71  8:01  Drone x3  
  71  8:04  Drone  
  71  8:05  Drone  
  74  8:08  Drone  
  74  8:09  Drone  
  72  8:13  Baneling x4  
  72  8:19  Zergling x4  
  70  8:35  Hatchery  
Show
View Real Time Build Order
Export as new Build Order

TYTY Terran - Winner!

Build Orders:  

Get SALT Encoding   

  12  0:00  SCV  
  13  0:12  SCV  
  14  0:19  Supply Depot  
  14  0:41  Barracks  
  14  0:43  Refinery  
  14  0:54  Barracks  
  14  0:59  SCV  
  15  1:11  SCV  
  16  1:27  Orbital Command  
  16  1:29  Reaper  
  17  1:33  Refinery  
  17  1:46  Reaper  
  18  1:51  Barracks  
  18  1:56  SCV  
  19  2:03  Reaper  
  20  2:13  Supply Depot  
  20  2:17  SCV  
  20  2:18  Reaper  
  22  2:35  Reaper  
  23  2:37  SCV  
  23  2:40  Reaper  
  25  2:50  Reaper  
  26  2:53  SCV  
  26  2:54  Supply Depot  
  27  3:07  Reaper  
  27  3:11  SCV  
  27  3:12  Reaper  
  30  3:14  Supply Depot  
  30  3:22  Reaper  
  30  3:24  SCV  
  31  3:36  SCV  
  31  3:39  Reaper  
  33  3:44  Reaper  
  35  3:55  Reaper  
  35  4:05  Command Center  
  35  4:08  SCV  
  38  4:26  Factory  
  38  4:27  SCV  
  38  4:39  SCV  
  35  4:51  SCV  
  36  4:59  Command Center  
  36  5:03  SCV  
  37  5:09  Factory Reactor  
  37  5:11  Starport  
  37  5:15  SCV  
  39  5:29  Engineering Bay  
  39  5:31  Liberator  
  39  5:35  Orbital Command, SCV  
  39  5:45  Barracks Tech Lab  
  39  5:46  Hellion x2  
  39  5:47  SCV  
  47  5:51  Orbital Command  
  47  5:54  Barracks Reactor x2  
  47  5:59  SCV  
  47  6:01  Terran Infantry Weapons Level 1  
  48  6:06  Stimpack, Marine  
  48  6:07  Hellion x2  
  53  6:12  SCV  
  53  6:16  SCV  
  55  6:24  SCV, Supply Depot  
  56  6:29  Orbital Command  
  51  6:34  Marine x4  
  51  6:37  SCV x2  
  53  6:43  Medivac x2  
  53  6:45  Factory Tech Lab, Marine  
  58  6:49  SCV x2  
  58  6:53  Marine x3  
  61  6:56  SCV  
  59  7:01  SCV  
  57  7:08  Siege Tank  
  57  7:12  Marine x2  
  62  7:16  Marine x2  
  62  7:17  SCV  
  62  7:18  SCV  
  62  7:20  Marine  
  67  7:23  SCV  
  67  7:25  Refinery  
  67  7:29  Marine  
  68  7:30  SCV x2  
  68  7:33  Marine  
  68  7:34  Marine  
  73  7:41  Siege Tank  
  73  7:43  SCV  
  77  7:44  Supply Depot  
  77  7:46  Marine x2  
  77  7:47  Refinery  
  77  7:48  SCV  
  77  7:51  Orbital Command  
  81  7:55  Marine x3  
  83  8:03  SCV x2  
  85  8:06  Marine x2  
  85  8:12  Marine x2  
  87  8:15  SCV  
  87  8:18  SCV  
  87  8:19  Marine  
  89  8:24  Supply Depot  
  89  8:26  Supply Depot  
  90  8:27  SCV x2  
  90  8:30  Barracks  
  90  8:31  Barracks  
Tags
 
Add a new tag
Caveats
  • Supply blocks, unpowered buildings, or Contaminate may cause inaccurate times.
  • Supply counts are checked every 10 seconds.